 Dungeon Sprint DCSS version 0.30.1-3-gfc49f6343a (webtiles) character file.

Game seed: 6008410137335955930

24502 Groucho the Peltast (level 13, -9/99 HPs)
             Began as a Djinni Fire Elementalist on Aug 6, 2023.
             Was a High Priest of Cheibriados.
             Mangled by an iron golem (19 damage)
             ... in the Dungeon (Sprint V: "Ziggurat Sprint").
             The game lasted 00:10:17 (1140 turns).

Groucho the Peltast (Djinni Fire Elementalist)      Turns: 1140, Time: 00:10:18

Health: -9/99      AC: 36    Str: 33    XL:     13   Next: 43%
Gold:   0          EV: 14    Int: 36    God:    Cheibriados [*****.] SH: 34 Dex: 28

rFire   + + .        K - +6 shillelagh "Devastator" {shatter}
rCold   x . .        D - +18 shield of the Gong {Loud rN+ Will+ rCorr EV-5}
rNeg    + . .        C - +15 Maxwell's patent armour {-Cast -Tele rElec Will+ rCorr}
rPois   ∞            (no helmet)
rElec   +            (no cloak)
rCorr   +            r - +3 Mad Mage's Maulers {Infuse+∞ VampMP -Cast}
SInv    .            (boots unavailable)
Will    +++..        a - amulet of the acrobat Stlth
                     v - +6 ring of strength
HPRegen 0.36/turn    w - +6 ring of strength
MPRegen 0.00/turn

%: no teleportation, no spellcasting, acrobat, infuse magic (-10 HP)
@: flying, very slow
A: sickness immunity, fire resistance 2, cold vulnerability 1, float, innate
caster, HP casting, extra vitality 1
a: Renounce Religion, Bend Time, Temporal Distortion, Slouch, Step From Time


You were in the Dungeon.
You worshipped Cheibriados.
Cheibriados was extremely pleased with you.
You visited 1 branch

Inventory:

Hand Weapons
 y - the +6 Majin-Bo {spellvamp, MP+6 Int+6}
   (You found it in the Dungeon)

   Int:       It affects your intelligence (+6).
   MP:        It affects your magic capacity (+6).
 z - the +10 dark maul {heavy}
   (You found it in the Dungeon)
 A - the +27 heavy crossbow "Sniper" {heavy, Acc+∞ SInv}
   (You found it in the Dungeon)

   Acc+∞: It never misses its target.
   SInv:      It lets you see invisible.
 B - the +16 obsidian axe {drain, demonic, Mesm Drain Fly SInv}
   (You found it in the Dungeon)

   Mesm:      Its wielder is mesmerised by any visible foes, and it cannot be
   unequipped while any foes are visible.
   SInv:      It lets you see invisible.
   Fly:       It grants you flight.
   Drain:     It drains your maximum health when unequipped.
 E - the +11 Singing Sword {sonic wave}
   (You found it in the Dungeon)
 F - the +7 great mace "Firestarter" {flame, immolate, rFlCloud rF++}
   (You found it in the Dungeon)

   rFlCloud:  It grants immunity to clouds of flame.
   rF:        It greatly protects you from fire.
 G - the +8 lance "Wyrmbane" {slay drac, rPois rF+ rC+ AC+3}
   (You found it in the Dungeon)

   AC:        It affects your AC (+3).
   rF:        It protects you from fire.
   rC:        It protects you from cold.
   rPois:     It protects you from poison.
 H - the +7 mace of Variability {chaos, chaos arc}
   (You found it in the Dungeon)

   Cheibriados disapproves of the use of such an item.
 I - the +11 plutonium sword {Contam Stlth-}
   (You found it in the Dungeon)

   Contam:    It causes magical contamination when unequipped.
   Stlth:     It makes you less stealthy.
 J - the +13 scythe of Curses {drain, curses, Drain}
   (You found it in the Dungeon)

   Drain:     It drains your maximum health when unequipped.
 K - the +6 shillelagh "Devastator" (weapon) {shatter}
   (You found it in the Dungeon)
 L - the +8 storm bow {elec, penet}
   (You found it in the Dungeon)
 M - the +9 sword of Power {lifebolt}
   (You found it in the Dungeon)
 N - the +9 sword of Zonguldrok {reap}
   (You found it in the Dungeon)
 Q - the +8 Vampire's Tooth {megavamp}
   (You found it in the Dungeon)
Armour
 r - the +3 Mad Mage's Maulers (worn) {Infuse+∞ VampMP -Cast}
   (You found it in the Dungeon)

   Infuse+∞: It empowers its wearer's blows with all of their magic.
   VampMP:    Blows struck in melee replenish the wearer's magic.
   -Cast:     It prevents spellcasting.
 C - the +15 Maxwell's patent armour (worn) {-Cast -Tele rElec Will+ rCorr}
   (You found it in the Dungeon)

   rElec:     It insulates you from electricity.
   -Cast:     It prevents spellcasting.
   -Tele:     It prevents most forms of teleportation.
   rCorr:     It protects you from acid and corrosion.
   Will:      It increases your willpower.
 D - the +18 shield of the Gong (worn) {Loud rN+ Will+ rCorr EV-5}
   (You found it in the Dungeon)

   Loud:      It is deafeningly noisy when blocking attacks.
   EV:        It affects your evasion (-5).
   rN:        It protects you from negative energy.
   rCorr:     It protects you from acid and corrosion.
   Will:      It increases your willpower.
 O - +5 gold dragon scales
Jewellery
 a - an amulet of the acrobat (around neck)
 s - a +4 ring of slaying
 u - the ring "Pekiuwn" {rElec Int+6}
   (You found it in the Dungeon)

   [ring of intelligence]

   Int:       It affects your intelligence (+6).
   rElec:     It insulates you from electricity.
 v - a +6 ring of strength (left hand)
 w - a +6 ring of strength (right hand)
 P - the amulet "Sifit" {Reflect *Slow Str+3 Int-5 Dex+7 SH+5}
   (You found it in the Dungeon)

   [amulet of reflection]

   It reflects blocked missile attacks.
   Str:       It affects your strength (+3).
   Int:       It affects your intelligence (-5).
   Dex:       It affects your dexterity (+7).
   *Slow:     It may slow you when you take damage.
   SH:        It affects your SH (+5).
 R - a ring of fire
 S - a +6 ring of intelligence
Wands
 o - a wand of mindburst (7)
 p - a wand of iceblast (24)
 q - a wand of quicksilver (11)
 t - a wand of paralysis (3)
 x - a wand of flame (34)
 U - a wand of digging (5)
Scrolls
 f - 4 scrolls of blinking
 l - 7 scrolls of fog
 m - 5 scrolls of identify
 n - 2 scrolls of fear
 T - a scroll of brand weapon
Potions
 b - 10 potions of curing
 c - 3 potions of heal wounds
 d - 6 potions of haste
 e - 3 potions of berserk rage
 g - 2 potions of brilliance
 h - 2 potions of invisibility
 i - 4 potions of resistance
 j - a potion of experience
 k - 5 potions of might


   Skills:
 + Level 11.4 Fighting
 + Level 9.6 Maces & Flails
 * Level 15.8 Armour
 + Level 12.5 Dodging
 - Level 1.5 Stealth
 * Level 15.8 Shields
 + Level 9.2 Spellcasting
 - Level 14.0 Invocations


You knew the following spells:

 Your Spells              Type           Power      Damage    Failure   Level
a - Foxfire               Conj/Fire      100%       2x1d9     1%          1
b - Scorch                Fire           100%       2d9       1%          2
c - Volatile Blastmotes   Fire/Tloc      100%       2d18      1%          3
d - Inner Flame           Hex/Fire       70%        N/A       1%          3
e - Flame Wave            Conj/Fire      70%        2d16      3%          4
f - Kiss of Death         Conj/Necr      100%       2d13      1%          1
g - Passwall              Tmut/Erth      58%        N/A       1%          2
h - Poisonous Vapours     Pois/Air       100%       N/A       1%          2
i - Portal Projectile     Hex/Tloc       100%       N/A       1%          3
j - Manifold Assault      Tloc           70%        N/A       3%          4
k - Arcjolt               Conj/Air       35%        1d45      10%         5
Your spell library was empty.

Dungeon Overview and Level Annotations

Branches:
Dungeon (1/1)

Altars:
Ashenzari
Cheibriados
Dithmenos
Elyvilon
Fedhas
Gozag
Hepliaklqana
Makhleb
Nemelex Xobeh
Okawaru
Qazlal
Ru
Trog
Uskayaw
Wu Jian
Xom
Yredelemnul
Zin
The Shining One
Jiyva
Lugonu


Innate Abilities, Weirdness & Mutations

You are immune to sickness and miasma.
You are immune to poison.
Your flesh is very heat resistant. (rF++)
You are vulnerable to cold. (rC-)
You float through the air rather than walking.
You learn spells naturally, not from books.
Your magical power is your life essence.
You have superior vitality. (+4 MHP)


Message History

You block the iron golem's attack.
BONNNG!
Unknown command.
Unknown command.
You completely miss the iron dragon.
The iron dragon is heavily wounded.
You block the iron dragon's attack.
BONNNG!
You block the iron dragon's attack.
GONNNNG!
You block the iron dragon's attack.
SHROANNG!
You block the iron golem's attack.
BOUMMMMG!
The iron golem hits you!
Unknown command.
You completely miss the iron dragon.
The iron dragon is heavily wounded.
The iron golem hits you but does no damage.
You block the iron golem's attack.
GONNNNG!
You block the iron golem's attack.
BONNNG!
The iron golem barely misses you. You block the iron dragon's attack.
GONNNNG!
The iron dragon completely misses you. You block the iron dragon's attack.
SHROANNG!
Unknown command.
You hit the iron dragon but do no damage.
The iron dragon is heavily wounded.
You block the iron golem's attack.
BONNNG!
You block the iron golem's attack.
BONNNG!
The iron golem hits you!!
* * * LOW HITPOINT WARNING * * *
You block the iron golem's attack.
GONNNNG!
The iron golem hits you!!
You die...

▓..)?:/)?)..▓▓▓▓▓▓▓▓▓▓
▓...)|)[:...▓...8©8...
▓...........▓...)[|)..
▓...........▓...))....
▓...........▓....))...
▓...........▓....)....
..▓.9.(.▓..▓...).....
▓.▓9DE▓.▓ ▓.........
▓..▓.@9E.▓..▓.▓.....▓.
▓.....9.....▓....©....
▓▓▓▓▓▓▓▓▓▓▓▓▓▓▓▓▓▓▓▓▓▓
▓...8©8...▓...8©8...▓.
▓..)|||.|.▓..|::.[=.▓.
▓..=[|.[..▓..).)|:..▓.
▓.........▓.........▓.
▓.........▓...).....▓.
▓.........▓..)......▓.


You could see 4 iron golems, an iron dragon and 2 earth elementals.

Vanquished Creatures
  2 liches (D)
  A quicksilver dragon (D)
  2 stone giants (D)
  A draconian annihilator (D)
  2 green draconians (D)
  2 white draconians (D)
  A red draconian (D)
  A purple draconian (D)
  4 yellow draconians (D)
  2 crystal guardians (D)
  6 vault guards (D)
  A deep elf knight (D)
  A deep elf archer (D)
  2 deep elf pyromancers (D)
  2 cyclopes (D)
  A gargoyle (D)
  A yaktaur (D)
  2 merfolk (D)
  3 wind drakes (D)
  A hornet (D)
  4 spriggans (D)
  A water moccasin (D)
  An orc warrior (D)
  2 black bears (D)
  5 ogres (D)
  2 wolves (D)
  2 phantoms (D)
  A necrophage (D)
  A crimson imp (D)
  2 quasits (D)
  3 orc priests (D)
  An orc wizard (D)
  5 adders (D)
  A shadow imp (D)
  2 ufetubi (D)
  An adder zombie (D)
  An orc (D)
  A ball python (D)
  2 ball python skeletons (D)
  A ball python zombie (D)
  A giant cockroach zombie (D)
  A jackal skeleton (D)
  A fire vortex (D)
80 creatures vanquished.

Vanquished Creatures (others)
  A fire vortex (D)
1 creature vanquished.

Grand Total: 81 creatures vanquished

Notes
Turn   | Place    | Note
-------+----------+-------------------------------------------
     0 | D        | Groucho the Djinni Fire Elementalist began the quest for
                  | the Orb.
     0 | D        | Groucho set off with the following spells memorised:
                  | Foxfire, Scorch, Volatile Blastmotes, Inner Flame, Flame
                  | Wave.
     0 | D        | Reached XP level 1. HP: 15/15 MP: 0/0
     0 | D        | Found a bloodstained altar of Trog.
     0 | D        | Found a sacrificial altar of Ru.
     0 | D        | Found a stormy altar of Qazlal.
     0 | D        | Found an iron altar of Okawaru.
     1 | D        | Found a sparkling altar of Nemelex Xobeh.
     1 | D        | Found a blossoming altar of Fedhas.
     1 | D        | Found the +6 Majin-Bo {spellvamp, MP+6 Int+6}
     1 | D        | Found the +27 heavy crossbow "Sniper" {heavy, Acc+∞ SInv}
     1 | D        | Found the +10 dark maul {heavy}
     1 | D        | Found the +15 Maxwell's patent armour {-Cast -Tele rElec
                  | Will+ rCorr}
     1 | D        | Found the +18 shield of the Gong {Loud rN+ Will+ rCorr
                  | EV-5}
     1 | D        | Found the +16 obsidian axe {drain, demonic, Mesm Drain Fly
                  | SInv}
     1 | D        | Found the +7 great mace "Firestarter" {flame, immolate,
                  | rFlCloud rF++}
     1 | D        | Found the +6 shillelagh "Devastator" {shatter}
     1 | D        | Found the +11 plutonium sword {Contam Stlth-}
     1 | D        | Found the +8 lance "Wyrmbane" {slay drac, rPois rF+ rC+
                  | AC+3}
     1 | D        | Found the +9 sword of Zonguldrok {reap}
     1 | D        | Found the +13 scythe of Curses {drain, curses, Drain}
     1 | D        | Found the +9 sword of Power {lifebolt}
     1 | D        | Found the +7 mace of Variability {chaos, chaos arc}
     1 | D        | Found the +11 Singing Sword {sonic wave}
     1 | D        | Found the +8 storm bow {elec, penet}
     3 | D        | Found a transporter.
     3 | D        | Found a viscous altar of Jiyva.
     3 | D        | Found a corrupted altar of Lugonu.
     3 | D        | Found a hazy altar of Hepliaklqana.
     3 | D        | Found a burning altar of Makhleb.
     3 | D        | Found an opulent altar of Gozag.
    77 | D        | Became a worshipper of Cheibriados the Contemplative
    92 | D        | Entered arena 2.
    92 | D        | Found a transporter.
   118 | D        | Entered arena 3.
   118 | D        | Found a transporter.
   121 | D        | Reached * piety under Cheibriados
   122 | D        | Reached skill level 1 in Fighting
   122 | D        | Reached skill level 1 in Maces & Flails
   122 | D        | Reached XP level 2. HP: 22/22 MP: 0/0
   122 | D        | Reached XP level 3. HP: 27/27 MP: 0/0
   122 | D        | Learned a level 1 spell: Kiss of Death
   132 | D        | Entered arena 4.
   132 | D        | Noticed a water moccasin
   132 | D        | Found a transporter.
   134 | D        | Reached ** piety under Cheibriados
   136 | D        | Killed a water moccasin
   137 | D        | Reached XP level 4. HP: 34/34 MP: 0/0
   137 | D        | Reached XP level 5. HP: 40/40 MP: 0/0
   137 | D        | Learned a level 2 spell: Passwall
   147 | D        | Entered arena 5.
   147 | D        | Noticed a deep elf pyromancer
   147 | D        | Noticed a deep elf pyromancer
   147 | D        | Noticed a deep elf knight
   147 | D        | Noticed a deep elf archer
   147 | D        | Found a transporter.
   148 | D        | Noticed a fire elemental
   152 | D        | Killed a deep elf knight
   152 | D        | Reached *** piety under Cheibriados
   153 | D        | Reached skill level 5 in Dodging
   153 | D        | Reached XP level 6. HP: 49/49 MP: 0/0
   153 | D        | Reached XP level 7. HP: 53/53 MP: 0/0
   153 | D        | Learned a level 2 spell: Poisonous Vapours
   153 | D        | Noticed a fire elemental
   153 | D        | Noticed a fire elemental
   156 | D        | Killed a deep elf pyromancer
   157 | D        | Reached skill level 5 in Fighting
   157 | D        | Reached skill level 5 in Spellcasting
   157 | D        | Reached XP level 8. HP: 52/60 MP: 0/0
   157 | D        | Killed a deep elf pyromancer
   157 | D        | Reached **** piety under Cheibriados
   158 | D        | Reached XP level 9. HP: 58/66 MP: 0/0
   158 | D        | Learned a level 3 spell: Portal Projectile
   162 | D        | Killed a deep elf archer
   163 | D        | Reached skill level 5 in Maces & Flails
   197 | D        | Entered arena 6.
   197 | D        | Found a transporter.
   202 | D        | Reached ***** piety under Cheibriados
   219 | D        | Entered arena 7.
   219 | D        | Found the +3 Mad Mage's Maulers {Infuse+∞ VampMP -Cast}
   220 | D        | Reached ****** piety under Cheibriados
   221 | D        | Found a transporter.
   247 | D        | Entered arena 8.
   250 | D        | Found a transporter.
   253 | D        | Reached XP level 10. HP: 54/73 MP: 0/0
   424 | D        | Entered arena 9.
   424 | D        | Noticed a cyclops
   424 | D        | Noticed a cyclops
   428 | D        | Reached skill level 10 in Armour
   428 | D        | Reached skill level 10 in Shields
   428 | D        | Reached skill level 10 in Invocations
   432 | D        | Killed a cyclops
   435 | D        | Killed a cyclops
   436 | D        | Found a transporter.
   447 | D        | Got the ring "Pekiuwn" {rElec Int+6}
   453 | D        | Got the amulet "Sifit" {Reflect *Slow Str+3 Int-5 Dex+7
                  | SH+5}
   542 | D        | Entered arena 10.
   542 | D        | Found the +8 Vampire's Tooth {megavamp}
   542 | D        | Noticed a spriggan rider
   544 | D        | Killed a spriggan rider
   545 | D        | Reached XP level 11. HP: 71/81 MP: 0/0
   545 | D        | Learned a level 4 spell: Manifold Assault
   545 | D        | Found a transporter.
   567 | D        | Entered arena 11.
   570 | D        | Found a transporter.
   597 | D        | Entered arena 12.
   597 | D        | Noticed a vault guard
   597 | D        | Noticed a vault guard
   597 | D        | Noticed a vault guard
   597 | D        | Noticed a stone giant
   597 | D        | Noticed a vault guard
   597 | D        | Noticed a lich
   597 | D        | Noticed a lich
   597 | D        | Noticed a vault guard
   597 | D        | Noticed a vault guard
   602 | D        | Killed a vault guard
   602 | D        | Killed a vault guard
   602 | D        | Killed a vault guard
   602 | D        | Killed a vault guard
   602 | D        | Killed a lich
   602 | D        | Killed a vault guard
   603 | D        | Reached skill level 10 in Dodging
   604 | D        | Killed a vault guard
   604 | D        | Killed a lich
   605 | D        | Reached XP level 12. HP: 48/90 MP: 0/0
   606 | D        | Killed a stone giant
   608 | D        | Found a transporter.
   829 | D        | Entered arena 13.
   829 | D        | Noticed a green draconian
   829 | D        | Noticed a yellow draconian
   829 | D        | Noticed a red draconian
   829 | D        | Noticed a white draconian
   829 | D        | Noticed a yellow draconian annihilator
   829 | D        | Noticed a green draconian
   829 | D        | Noticed a yellow draconian
   829 | D        | Noticed a purple draconian
   830 | D        | Noticed a yellow draconian
   830 | D        | Noticed a yellow draconian
   830 | D        | Noticed a white draconian
   835 | D        | Killed a yellow draconian
   839 | D        | Killed a red draconian
   839 | D        | Killed a yellow draconian
   839 | D        | Killed a green draconian
   839 | D        | Killed a yellow draconian
   839 | D        | Killed a yellow draconian annihilator
   840 | D        | Reached skill level 10 in Fighting
   840 | D        | Killed a white draconian
   841 | D        | Killed a green draconian
   841 | D        | Killed a purple draconian
   841 | D        | Killed a white draconian
   841 | D        | Killed a yellow draconian
   842 | D        | Reached skill level 15 in Armour
   842 | D        | Reached skill level 15 in Shields
   842 | D        | Reached XP level 13. HP: 29/98 MP: 0/0
   842 | D        | Learned a level 5 spell: Arcjolt
   847 | D        | Found a transporter.
  1122 | D        | Entered arena 14.
  1123 | D        | Noticed an iron golem
  1123 | D        | Noticed a crystal guardian
  1123 | D        | Noticed a stone giant
  1123 | D        | Noticed an iron dragon
  1123 | D        | Noticed a quicksilver dragon
  1123 | D        | Noticed a crystal guardian
  1123 | D        | Noticed an iron golem
  1123 | D        | Noticed an iron golem
  1123 | D        | Noticed an iron golem
  1127 | D        | Killed a quicksilver dragon
  1127 | D        | Killed a crystal guardian
  1128 | D        | Killed a crystal guardian
  1129 | D        | Killed a stone giant
  1140 | D        | Mangled by an iron golem

Illustrated notes

Levels and vault maps discovered:
D:        sprint_v [room_start, room_1, room_2, room_3, room_4, room_5, room_6,
          room_7, room_8, room_9, room_10, room_11, room_12, room_13, room_14,
          room_15, room_16, room_17, room_18, room_19, room_20, room_21,
          room_22, room_23, room_24, room_25, room_26, room_27]

Skill      XL: |  1  2  3  4  5  6  7  8  9 10 11 12 13 |
---------------+----------------------------------------+-----
Fighting       | 1 2 4 5 6 8 9 10 11 | 11.4
Maces & Flails | 1 2 4 5 6 8 9 |  9.6
Armour         | 2 4 7 8 9 11 13 15 | 15.8
Shields        | 2 4 7 8 9 11 13 15 | 15.8
Invocations    | 2 4 7 8 9 11 13 14 | 14.0
Dodging        | 4 5 6 7 8 9 10 12 | 12.5
Spellcasting   | 3 4 5 6 7 8 9 |  9.2
Stealth        | |  1.5

Action                     |  1- 3 |  4- 6 |  7- 9 | 10-12 | 13-15 || total
---------------------------+-------+-------+-------+-------+-------++-------
  Melee: Shillelagh        |    14 |     2 |    14 |    10 |     7 ||    47
 Invoke: Slouch            |       |       |     3 |    18 |     5 ||    26
    Use: Potion            |       |       |       |     3 |     4 ||     7
 Armour: Plate armour      |     1 |     1 |     6 |    14 |     7 ||    29
  Dodge: Dodged            |       |       |     2 |    10 |    11 ||    23
  Block: Kite shield       |     3 |     6 |    14 |    30 |    44 ||    97
